 Dungeon Sprint DCSS version 0.26-a0-43-g20b394c (webtiles) character file.

Game seed: 13222292008167772268

47 ryw the Ducker (level 3, -14/35 HPs)
             Began as a Gnoll Wanderer on June 3, 2020.
             Demolished by an ogre
             ... wielding a +0 giant club
              (33 damage)
             ... in the Dungeon (Sprint IX: "|||||||||||||||||||||||||||||").
             The game lasted 00:01:03 (194 turns).

ryw the Ducker (Gnoll Wanderer)                      Turns: 194, Time: 00:01:03

Health: -14/35     AC:  2    Str: 12    XL:     3   Next: 70%
Magic:  4/6        EV: 16    Int: 18    God:
Gold:   0          SH:  0    Dex: 13    Spells: 6/6 levels left

rFire    . . .     SeeInvis .   l - +2 short sword (flame)
rCold    . . .     Gourm    .   (no shield)
rNeg     . . .     Faith    .   d - +0 robe
rPois    .         Spirit   .   (no helmet)
rElec    .         Reflect  .   (no cloak)
rCorr    .         Harm     .   (no gloves)
MR       .....     NoTele   +   (no boots)
Stlth    ++........             (no amulet)
HPRegen  0.11/turn              (no ring)
MPRegen  0.10/turn              (no ring)

@: no status effects
A: distributed training, fangs 1, strong nose
a: no special abilities


You were in the Dungeon.
You were not hungry.

You visited 1 branch

Inventory:

Hand Weapons
 l - a +2 short sword of flaming (weapon)
   (You took it off a kobold in the Dungeon)
Armour
 d - a +0 robe (worn)
Scrolls
 c - a scroll of teleportation {@r4}
 k - a scroll of blinking
Potions
 h - a potion of haste {@q3}
 i - 2 potions of magic
 j - a potion of berserk rage
Comestibles
 e - a ration
 n - 3 chunks of flesh


   Skills:
 + Level 6.9 Fighting
 + Level 2.1 Short Blades
 + Level 2.1 Long Blades
 + Level 2.1 Axes
 + Level 2.1 Maces & Flails
 + Level 2.1 Polearms
 + Level 5.0 Staves
 + Level 2.1 Slings
 + Level 2.1 Bows
 + Level 2.1 Crossbows
 + Level 3.3 Throwing
 + Level 2.1 Armour
 + Level 6.9 Dodging
 + Level 3.2 Stealth
 + Level 2.1 Shields
 + Level 2.1 Unarmed Combat
 + Level 2.1 Spellcasting
 + Level 1.7 Conjurations
 + Level 1.7 Hexes
 + Level 1.7 Charms
 + Level 1.7 Summonings
 + Level 1.7 Necromancy
 + Level 1.7 Translocations
 + Level 1.7 Transmutations
 + Level 1.7 Fire Magic
 + Level 1.7 Ice Magic
 + Level 1.7 Air Magic
 + Level 1.7 Earth Magic
 + Level 1.7 Poison Magic
 + Level 2.3 Invocations
 + Level 2.1 Evocations


You had 6 spell levels left.
You didn't know any spells.
Your spell library was empty.

Dungeon Overview and Level Annotations

Branches:
Dungeon (1/1)

Altars:


Innate Abilities, Weirdness & Mutations

Your experience applies equally to all skills.
You have very sharp teeth.
Your uncanny sense of smell can sniff out nearby items.


Message History

Your Polearms skill increases to level 2!
Your Staves skill increases to level 5!
Your Slings skill increases to level 2!
Your Bows skill increases to level 2!
Your Crossbows skill increases to level 2!
Your Throwing skill increases to level 3!
Your Armour skill increases to level 2!
Your Stealth skill increases to level 3!
Your Shields skill increases to level 2!
Your Unarmed Combat skill increases to level 2!
Your Spellcasting skill increases to level 2!
Your Conjurations skill increases to level 1!
Your Hexes skill increases to level 1!
Your Charms skill increases to level 1!
Your Summonings skill increases to level 1!
Your Necromancy skill increases to level 1!
Your Translocations skill increases to level 1!
Your Transmutations skill increases to level 1!
Your Fire Magic skill increases to level 1!
Your Ice Magic skill increases to level 1!
Your Air Magic skill increases to level 1!
Your Earth Magic skill increases to level 1!
Your Poison Magic skill increases to level 1!
Your Invocations skill increases to level 2!
Your Evocations skill increases to level 2!
You have reached level 3!
Your experience leads to an increase in your attributes!
Increase (S)trength, (I)ntelligence, or (D)exterity?
You feel clever.
Unknown command.
You feel better.
The phantom blinks!
The orc closely misses you.
You hit the orc. You burn the orc. The phantom completely misses you.
The orc closely misses you.
You hit the orc. You burn the orc.
The phantom blinks!
The orc misses you.
You hit the orc. You burn the orc.
You kill the orc!
You hit the adder. You burn the adder. The adder closely misses you. x2
You closely miss the adder. The adder bites you.
You hit the adder. You burn the adder.
You kill the adder!
You hit the ogre. You burn the ogre. You bite the ogre, but do no damage.
The ogre misses you.
The phantom blinks!
You hit the ogre. You burn the ogre. You hit the ogre. You burn the ogre.
The ogre barely misses you.
You puncture the ogre! You burn the ogre. The ogre closely misses you.
You barely miss the ogre.
The ogre hits you with a +0 giant club!!
Ouch! That really hurt!
You die...

▓.▓
▓'▓
▓.▓
▓W▓
▓.▓
∆
▓.▓
∆
▓.▓
∆
▓'▓
∆
▓@▓
∆
▓O▓
∆
▓.▓
∆
▓.▓
∆
▓.▓
∆
▓+▓
∆ ∆


You could see a phantom and an ogre.

Vanquished Creatures
  A jelly (D)
  An adder (D)
  A dart slug (D)
  An orc (D)
  A goblin (D)
  2 kobolds (D)
  A bat (D)
8 creatures vanquished.

Notes
Turn   | Place    | Note
-------+----------+-------------------------------------------
     0 | D        | ryw the Gnoll Wanderer began the quest for the Orb.
     0 | D        | ryw set off with the following items: a +2 quarterstaff, a
                  | +0 short sword, a scroll of teleportation {@r4}, a +0 robe,
                  | a ration, a potion of curing {@q1}, a potion of heal wounds
                  | {@q2}, a potion of haste {@q3}, 2 potions of magic, a
                  | potion of berserk rage, a scroll of blinking
     0 | D        | Reached XP level 1. HP: 23/23 MP: 1/1
    21 | D        | Reached skill level 1 in Short Blades
    21 | D        | Reached skill level 1 in Long Blades
    21 | D        | Reached skill level 1 in Axes
    21 | D        | Reached skill level 1 in Maces & Flails
    21 | D        | Reached skill level 1 in Polearms
    21 | D        | Reached skill level 1 in Slings
    21 | D        | Reached skill level 1 in Bows
    21 | D        | Reached skill level 1 in Crossbows
    21 | D        | Reached skill level 1 in Armour
    21 | D        | Reached skill level 1 in Shields
    21 | D        | Reached skill level 1 in Unarmed Combat
    21 | D        | Reached skill level 1 in Spellcasting
    21 | D        | Reached skill level 1 in Invocations
    21 | D        | Reached skill level 1 in Evocations
    21 | D        | Reached XP level 2. HP: 15/29 MP: 1/3
   173 | D        | Noticed a phantom
   173 | D        | Noticed an ogre
   181 | D        | Reached skill level 5 in Staves
   181 | D        | Reached skill level 1 in Conjurations
   181 | D        | Reached skill level 1 in Hexes
   181 | D        | Reached skill level 1 in Charms
   181 | D        | Reached skill level 1 in Summonings
   181 | D        | Reached skill level 1 in Necromancy
   181 | D        | Reached skill level 1 in Translocations
   181 | D        | Reached skill level 1 in Transmutations
   181 | D        | Reached skill level 1 in Fire Magic
   181 | D        | Reached skill level 1 in Ice Magic
   181 | D        | Reached skill level 1 in Air Magic
   181 | D        | Reached skill level 1 in Earth Magic
   181 | D        | Reached skill level 1 in Poison Magic
   181 | D        | Reached XP level 3. HP: 11/35 MP: 3/6
   194 | D        | Demolished by an ogre

Illustrated notes

Levels and vault maps discovered:
D:        linesprint [early_d, line_temple, items_1, d_10, items_2, lair_1,
          lair_end, items_3, orc_1, orc_end, items_4, d_15, swamp_1, shoals_1,
          snake_1, spider_1, d_20, vaults_1, items_5, swamp_end, shoals_end,
          snake_end, spider_end, vaults_end, d_27, items_6, zot_1, zot_end,
          crypt_end, forest_end, elf_end, slime_end, tomb_end, abyss_end,
          pan_hell_end]

Skill      XL: |  1  2 |
---------------+-------+-----
Short Blades   | 1 2 |  2.1
Long Blades    | 1 2 |  2.1
Axes           | 1 2 |  2.1
Maces & Flails | 1 2 |  2.1
Polearms       | 1 2 |  2.1
Slings         | 1 2 |  2.1
Bows           | 1 2 |  2.1
Crossbows      | 1 2 |  2.1
Armour         | 1 2 |  2.1
Shields        | 1 2 |  2.1
Unarmed Combat | 1 2 |  2.1
Spellcasting   | 1 2 |  2.1
Invocations    | 1 2 |  2.3
Evocations     | 1 2 |  2.1
Staves         | 5 |  5.0
Throwing       | 3 |  3.3
Stealth        | 3 |  3.2
Conjurations   | 1 |  1.7
Hexes          | 1 |  1.7
Charms         | 1 |  1.7
Summonings     | 1 |  1.7
Necromancy     | 1 |  1.7
Translocations | 1 |  1.7
Transmutations | 1 |  1.7
Fire Magic     | 1 |  1.7
Ice Magic      | 1 |  1.7
Air Magic      | 1 |  1.7
Earth Magic    | 1 |  1.7
Poison Magic   | 1 |  1.7
Fighting       | |  6.9
Dodging        | |  6.9

Action                   || total
-------------------------++-------
Melee: Quarterstaff      ||    16
       Bite              ||     2
       Short sword       ||    17
  Use: Potion            ||     2
Armor: Robe              ||     2
Dodge: Dodged            ||    26

Table legend:
 A = Non-vault XP
 B = Vault XP
 C = Vault XP percentage of total XP
 D = Non-vault monster count
 E = Vault monster count
 F = Vault count percentage of total count
                 A         B        C        D         E       F
            +---------+---------+-------+---------+---------+-------
      Total |       0 |      68 | 100.0 |       0 |       8 | 100.0
            +---------+---------+-------+---------+---------+-------
          D |       0 |      68 | 100.0 |       0 |       8 | 100.0
            +---------+---------+-------+---------+---------+-------
